 Dungeon Crawl Stone Soup version 0.19-a0-526-gbe2e51c (webtiles) character file.

243 namelastname112 the Gusty (level 6, -2/32 HPs)
             Began as a Tengu Air Elementalist on June 7, 2016.
             Slain by Sigmund
             ... wielding a +0 scythe
              (7 damage)
             ... on level 3 of the Dungeon.
             The game lasted 00:04:52 (2946 turns).

namelastname112 the Gusty (Tengu Air Elementalist)  Turns: 2946, Time: 00:04:53

Health: -2/32      AC:  3    Str:  8    XL:     6   Next: 9%
Magic:  0/12       EV: 13    Int: 17    God:
Gold:   109        SH:  0    Dex: 15    Spells: 3 memorised, 6 levels left

rFire  . . .     SeeInvis .     p - +3 quarterstaff (chaos)
rCold  . . .     Gourm    .     a - +0 robe
rNeg   . . .     Faith    .     (shield currently unavailable)
rPois  .         Spirit   .     (helmet restricted)
rElec  .         Dismiss  .     q - +0 cloak
rCorr  .         Reflect  .     (no gloves)
SustAt .         Harm     .     (boots unavailable)
MR     .....                    (no amulet)
Stlth  ++........               (no ring)
                                (no ring)

@: slowed, repel missiles, very slow, not resistant to hostile enchantments,
unstealthy
A: beak, talons 3, able to fly 1
a: Fly


You were on level 3 of the Dungeon.
You were not hungry.

You visited 1 branch of the dungeon, and saw 3 of its levels.

You collected 109 gold pieces.

Inventory:

Hand Weapons
 p - a +3 quarterstaff of chaos (weapon)
Armour
 a - a +0 robe (worn)
 q - a +0 cloak (worn)
Scrolls
 d - a scroll of enchant armour {unknown}
 e - a scroll of remove curse {unknown}
 f - 2 scrolls of fear {unknown}
 h - a scroll of identify {unknown}
 i - a scroll of enchant weapon {unknown}
 l - a scroll of fog {unknown}
 n - a scroll of magic mapping {unknown}
 r - a scroll of teleportation {unknown}
Potions
 j - a potion of heal wounds {unknown}
 k - a potion of agility {unknown}
 o - a potion of ambrosia {unknown}
Books
 b - a book of Air

   Spells                             Type                      Level
   a - Shock                          Conjuration/Air              1
   b - Swiftness                      Charms/Air                   2
   c - Repel Missiles                 Charms/Air                   2
   d - Static Discharge               Conjuration/Air              3
   e - Lightning Bolt                 Conjuration/Air              5
Comestibles
 c - 2 bread rations
 g - 2 meat rations
 m - a beef jerky
 s - 2 chunks of flesh


   Skills:
 - Level 2.1 Dodging
 - Level 2.0 Stealth
 + Level 3.7 Spellcasting
 + Level 4.5 Conjurations
 + Level 5.8 Air Magic


You had 6 spell levels left.
You knew the following spells:

 Your Spells              Type           Power        Failure   Level  Hunger
a - Repel Missiles        Chrm/Air       ##....       10%         2    ##.....
x - Static Discharge      Conj/Air       ###.....     8%          3    ###....
z - Shock                 Conj/Air       ###.         1%          1    None


Dungeon Overview and Level Annotations

Branches:
Dungeon (3/15)

Altars:
Dithmenos
Trog

Annotations:
D:3 Sigmund


Innate Abilities, Weirdness & Mutations

You have a beak for a mouth.
You have claws for feet.
You can fly.


Message History

You are struck by lightning.
The lightning arcs!
Something is struck by lightning.
The lightning grounds out.
Something hits you.
You take 7 damage, and have 18/32 hp.
MASSIVE DAMAGE!!
You now have 6/12 mp.
Casting: Static Discharge
Confirm with . or Enter, or press ? or * to list all spells.
Something is struck by lightning.
The lightning arcs!
You are struck by lightning.
The lightning grounds out.
You hear some strange, mumbled words.
A puff of flame appears from out of thin air!
The puff of flame hits you!
* * * LOW HITPOINT WARNING * * *
You take 13 damage, and have 5/32 hp.
MASSIVE DAMAGE!!
You now have 3/12 mp.
Casting: Static Discharge
Confirm with . or Enter, or press ? or * to list all spells.
Something is struck by lightning.
The lightning grounds out.
You hear some strange, mumbled words.
A puff of flame appears from out of thin air!
The puff of flame misses you. Something hits you!
You die...

#........#
#######.##
#.# #.# #.#
#.# #.#
#########.##
......{@...#
############


There were no monsters in sight!

Vanquished Creatures
  Crazy Yiuf (D:3)
  Natasha (thrice) (D:2)
  5 adders
  A worm (D:3)
  2 dart slugs
  2 giant geckos (D:3)
  5 orcs (D:3)
  3 bats
  4 giant cockroaches
  14 goblins
  12 hobgoblins
  4 jackals (D:3)
  A quokka (D:3)
  5 giant newts
  9 kobolds
  6 rats
77 creatures vanquished.

Notes
Turn   | Place    | Note
--------------------------------------------------------------
     0 | D:1      | namelastname112 the Tengu Air Elementalist began the quest for the Orb.
     0 | D:1      | Reached XP level 1. HP: 10/10 MP: 4/4
   243 | D:1      | Reached XP level 2. HP: 15/15 MP: 4/6
   398 | D:1      | Learned a level 2 spell: Repel Missiles
   703 | D:1      | Reached XP level 3. HP: 17/19 MP: 1/7
  1182 | D:2      | Learned a level 3 spell: Static Discharge
  1458 | D:2      | Noticed Natasha
  1466 | D:2      | Killed Natasha
  1466 | D:2      | Reached XP level 4. HP: 24/24 MP: 3/9
  1546 | D:2      | Noticed Natasha
  1553 | D:2      | Killed Natasha
  1553 | D:2      | Reached skill level 5 in Air Magic
  1610 | D:2      | Noticed Natasha
  1800 | D:2      | Killed Natasha
  1800 | D:2      | Gained mutation: You can fly. [Tengu growth]
  1800 | D:2      | Reached XP level 5. HP: 23/28 MP: 2/10
  1927 | D:2      | Found a bloodstained altar of Trog.
  2300 | D:3      | Noticed Crazy Yiuf
  2311 | D:3      | Killed Crazy Yiuf
  2419 | D:3      | Found a shadowy altar of Dithmenos.
  2727 | D:3      | Reached XP level 6. HP: 32/32 MP: 8/12
  2937 | D:3      | Noticed Sigmund
  2946 | D:3      | Slain by Sigmund

Vault maps used:
D:1:      dpeg_arrival_signposts
D:2:      lemuel_coloured_pillars_altar, hex_medium, uniq_natasha
D:3:      nicolae_dithmenos_shadow_blocks, uniq_crazy_yiuf_cottage, uniq_sigmund

Skill      XL: |  1  2  3  4  5 |
---------------+----------------+-----
Conjurations   | 2 3 4 |  4.5
Spellcasting   | 3 |  3.7
Air Magic      | 5 |  5.8
Dodging        | |  2.1
Stealth        | |  2.0

Action                   |  1- 3 |  4- 6 || total
-------------------------+-------+-------++-------
Melee: Short sword       |     7 |       ||     7
       Peck              |     2 |     1 ||     3
       Kick              |     1 |       ||     1
       Quarterstaff      |       |     7 ||     7
 Cast: Shock             |    72 |    96 ||   168
       Repel Missiles    |     1 |       ||     1
       Static Discharge  |       |     4 ||     4
  Eat: Chunk             |     2 |     5 ||     7
Armor: Robe              |     2 |     3 ||     5
Dodge: Dodged            |    11 |    25 ||    36
       Deflected         |       |     2 ||     2
